 Dungeon Crawl Stone Soup version 0.28-a0-1429-gf3d713df7a (webtiles) character file.

Game seed: 9238680223812203973

1159 Gargoyl the Skirmisher (level 8, -2/96 (100) HPs)
             Began as a Gnoll Abyssal Knight on Jan 8, 2022.
             Was a Priest of Lugonu.
             Slain by a wight (12 damage)
             ... on level 5 of the Dungeon.
             The game lasted 00:06:31 (4996 turns).

Gargoyl the Skirmisher (Gnoll Abyssal Knight)       Turns: 4996, Time: 00:06:32

HP:   -2/96 (100)   AC: 24    Str: 15    XL:     8   Next: 39%
MP:   11/12         EV:  2    Int:  9    God:    Lugonu [***...]
Gold: 185           SH:  0    Dex: 13    Spells: 13/13 levels left

rFire   . . .      SeeInvis .   a - +1 hand axe (freeze)
rCold   . . .      Faith    .   (no shield)
rNeg    . . .      Spirit   .   (armour currently unavailable)
rPois   +          Reflect  .   (helmet currently unavailable)
rElec   .          Harm     .   (cloak currently unavailable)
rCorr   +          Rampage  .   (gloves currently unavailable)
Will    .....      NoTele   +   (boots currently unavailable)
Stlth   ++........              (no amulet)
HPRegen 0.26/turn               i - ring of resist corrosion
MPRegen 0.13/turn               (no ring)

@: tree-form (expiring), lightly drained
A: stationary, stasis, torment immunity, boosted hp, (fangs 1), strong nose,
distributed training
a: Renounce Religion, Depart the Abyss, Bend Space, Banish


You were on level 5 of the Dungeon.
You worshipped Lugonu.
Lugonu was most pleased with you.
You were a tree.
You visited 1 branch of the dungeon, and saw 5 of its levels.
You visited the Abyss 1 time.
You also visited: Sewer.

You collected 185 gold pieces.

Inventory:

Hand Weapons
 a - a +1 hand axe of freezing (weapon)
 g - a +0 war axe
Missiles
 n - 2 throwing nets
Armour
 b - a +2 pair of gloves (melded)
 c - a +0 helmet (melded)
 e - a +0 plate armour (melded)
Jewellery
 i - a ring of resist corrosion (left branch)
Wands
 d - a wand of iceblast (4)
Scrolls
 l - 2 scrolls of teleportation
 o - a scroll of fear {unknown}
 p - 2 scrolls of magic mapping
Potions
 f - a potion of invisibility
 h - 2 potions of lignification
 j - a potion of heal wounds {unknown}
 k - a potion of brilliance {unknown}
 m - a potion of curing {unknown}
 q - a potion of flight {unknown}


   Skills:
 + Level 7.3 Fighting
 + Level 3.2 Short Blades
 + Level 3.2 Long Blades
 + Level 5.6 Axes
 + Level 3.2 Maces & Flails
 + Level 3.2 Polearms
 + Level 3.2 Staves
 + Level 3.2 Slings
 + Level 3.2 Bows
 + Level 3.2 Crossbows
 + Level 3.2 Throwing
 + Level 5.6 Armour
 + Level 4.2 Dodging
 + Level 3.2 Stealth
 + Level 3.2 Shields
 + Level 3.2 Unarmed Combat
 + Level 3.2 Spellcasting
 + Level 2.6 Conjurations
 + Level 2.6 Hexes
 + Level 2.6 Summonings
 + Level 2.6 Necromancy
 + Level 2.6 Translocations
 + Level 2.6 Transmutations
 + Level 2.6 Fire Magic
 + Level 2.6 Ice Magic
 + Level 2.6 Air Magic
 + Level 2.6 Earth Magic
 + Level 2.6 Poison Magic
 + Level 5.9 Invocations
 + Level 3.2 Evocations


You had 13 spell levels left.
You didn't know any spells.
Your spell library contained the following spells:

 Spells                   Type           Power      Damage    Failure   Level
 Sting                    Tmut/Pois      24%        1d4       10%         1
 Corpse Rot               Necr/Air       12%        N/A       16%         2
 Static Discharge         Conj/Air       6%         N/A       16%         2
 Spider Form              Tmut/Pois      6%         N/A       30%         3
 Dispel Undead            Necr           6%         3d8       69%         4
 Sticky Flame             Conj/Fire      6%         2d3       69%         4
 Death Channel            Necr           3%         N/A       100%        6
 Eringya's Noxious Bog    Tmut/Pois      3%         N/A       100%        6
 Storm Form               Tmut/Air       3%         N/A       100%        7


Dungeon Overview and Level Annotations

Branches:
Dungeon (5/15)              Sewer (visited)
 Temple: D:4-7

Altars:
Ashenzari
Cheibriados
Vehumet
Wu Jian
Xom

Shops:
D:2 (([


Innate Abilities, Weirdness & Mutations

You are a tree.
Your roots penetrate the ground, keeping you stationary.
You cannot be teleported.
You are immune to unholy pain and torment.
Your maximum health is greatly increased.
Your equipment is partially melded.
((You have very sharp teeth.))
Your uncanny sense of smell can sniff out nearby items.
Your experience applies equally to all skills.


Message History

Unknown command.
Unknown command.
You barely miss the wight. You punch the wight, but do no damage.
The wight is severely damaged.
The wight hits you with a +3 mace.
* * * LOW HITPOINT WARNING * * *
The wight hits the bush with a +0 spear.
The bush is destroyed!
You hit the wight.
You destroy the wight!
Lugonu accepts your kill.
The wight hits the bush with a +0 spear!
The wight drains the bush.
You cannot move.
Unknown command.
Unknown command.
You cannot move.
Unknown command.
You cannot move.
You cannot move.
Unknown command.
Unknown command.
Unknown command.
Unknown command.
Unknown command.
The wight hits you from afar with a +3 halberd!
* * * LOW HITPOINT WARNING * * *
You feel drained.
* * * LOW HITPOINT WARNING * * *
Unknown command.
Space bends around you!
You blink.
Your transformation is almost over.
The wight hits you but does no damage.
You hit the wight but do no damage. The wight hits you but does no damage.
You cannot move.
Unknown command.
Unknown command.
You closely miss the wight.
The bush seems less drained.
The wight barely misses you. The wight hits you with a +3 halberd!
You die...

,,.......##........#*,.,**
,,......####....#..#,>,**
,,.........##...##.#*,*#*
,,............#....#,,..**
*,..........<.#.#..#*...,*
,,#..........###...#....**
,*#.........###.........,**
**......................,,**
,*......###.#.§z♣...##.,,,,*****
,,....##* #.#.).........,,,,,,,*
**##.,,,**#.#...z....###**,***,*
*,#.,,,***.......P..PPP,,,,,,,,*
,,.,,,*,,........P......,,,,,,,*
,,,,***,,..#..#..P.P.PPP,,,,,,,*
*,,,* **,.##.##....P...P,,,,,,,*
*,,,* *##*..,...P.PPP.P,,,,,,,*
**,** **,,*,,,,,,,,,,,,,,,,*


You could see 2 wights.

Vanquished Creatures
  Grinder (D:4)
  Sigmund (D:4)
  An ogre (D:3)
  A necrophage (D:5)
  2 wights (D:5)
  A howler monkey (D:5)
  A centaur zombie (D:5)
  3 bullfrog skeletons (D:4)
  A centaur skeleton (D:4)
  2 iguanas
  An orc wizard (D:4)
  A howler monkey zombie (D:5)
  Robin (D:3)
  4 gnolls (D:4)
  10 adders
  A river rat (D:5)
  A white imp (D:5)
  2 worms
  A dart slug (D:4)
  5 orcs
  12 ball pythons
  8 endoplasms
  2 giant cockroaches (D:3)
  16 goblins
  4 hobgoblins
  8 kobolds
  3 quokkas (D:1)
  12 bats
  6 frilled lizards
  6 rats
118 creatures vanquished.

Vanquished Creatures (others)
  10 bushes (D:5)
10 creatures vanquished.

Grand Total: 128 creatures vanquished

Notes
Turn   | Place    | Note
-------+----------+-------------------------------------------
     0 | Abyss:1  | Gargoyl the Gnoll Abyssal Knight began the quest for the
                  | Orb.
     0 | Abyss:1  | Reached XP level 1. HP: 23/23 MP: 3/3
     0 | D:1      | Escaped the Abyss
   150 | D:1      | Reached * piety under Lugonu
   205 | D:1      | Reached XP level 2. HP: 24/29 MP: 5/5
   591 | D:1      | Found a faded altar of an unknown god.
   786 | D:2      | Found a shimmering altar of Xom.
   793 | D:2      | Reached XP level 3. HP: 22/35 MP: 6/6
   955 | D:2      | Found Cumeoja's Armour Emporium.
   992 | D:2      | Identified the +1 hunting sling of Bafun {flame, rC++
                  | Int+8}
  1173 | D:2      | Reached skill level 1 in Short Blades
  1173 | D:2      | Reached skill level 1 in Long Blades
  1173 | D:2      | Reached skill level 1 in Maces & Flails
  1173 | D:2      | Reached skill level 1 in Polearms
  1173 | D:2      | Reached skill level 1 in Staves
  1173 | D:2      | Reached skill level 1 in Slings
  1173 | D:2      | Reached skill level 1 in Bows
  1173 | D:2      | Reached skill level 1 in Crossbows
  1173 | D:2      | Reached skill level 1 in Throwing
  1173 | D:2      | Reached skill level 1 in Stealth
  1173 | D:2      | Reached skill level 1 in Shields
  1173 | D:2      | Reached skill level 1 in Unarmed Combat
  1173 | D:2      | Reached skill level 1 in Spellcasting
  1173 | D:2      | Reached skill level 1 in Evocations
  1207 | D:2      | Reached XP level 4. HP: 41/41 MP: 7/7
  1220 | D:2      | Found Vetocil's Antique Weapon Emporium.
  1335 | D:2      | Found Qafivooxt's Weapon Shoppe.
  1738 | D:3      | Found an ornate altar of the Wu Jian Council.
  1767 | D:3      | Noticed Robin
  1782 | D:3      | Killed Robin
  1782 | D:3      | Reached ** piety under Lugonu
  1783 | D:3      | Reached skill level 1 in Conjurations
  1783 | D:3      | Reached skill level 1 in Hexes
  1783 | D:3      | Reached skill level 1 in Summonings
  1783 | D:3      | Reached skill level 1 in Necromancy
  1783 | D:3      | Reached skill level 1 in Translocations
  1783 | D:3      | Reached skill level 1 in Transmutations
  1783 | D:3      | Reached skill level 1 in Fire Magic
  1783 | D:3      | Reached skill level 1 in Ice Magic
  1783 | D:3      | Reached skill level 1 in Air Magic
  1783 | D:3      | Reached skill level 1 in Earth Magic
  1783 | D:3      | Reached skill level 1 in Poison Magic
  1973 | D:3      | Reached XP level 5. HP: 47/47 MP: 8/8
  2420 | D:4      | Noticed Grinder
  2437 | D:4      | Paralysed by Grinder for 3 turns
  2444 | D:4      | Paralysed by Grinder for 5 turns
  2453 | D:4      | Paralysed by Grinder for 4 turns
  2466 | D:4      | Killed Grinder
  2467 | D:4      | Reached skill level 5 in Axes
  2467 | D:4      | Reached skill level 5 in Armour
  2467 | D:4      | Reached skill level 5 in Invocations
  2467 | D:4      | Reached XP level 6. HP: 12/53 MP: 9/9
  2520 | D:4      | HP: 1/53 [something/magic dart (3)]
  2690 | D:3      | Reached skill level 7 in Fighting
  2690 | D:3      | Reached XP level 7. HP: 32/60 MP: 8/10
  2854 | D:4      | Noticed Sigmund
  2869 | D:4      | Killed Sigmund
  3528 | D:4      | Got the Papyrus of Transmutation
  3806 | D:4      | Found a radiant altar of Vehumet.
  3811 | D:4      | Found a snail-covered altar of Cheibriados.
  4052 | D:5      | Entered Level 5 of the Dungeon
  4067 | D:5      | Reached XP level 8. HP: 67/67 MP: 12/12
  4215 | D:5      | Found a broken altar of Ashenzari.
  4283 | D:5      | Reached *** piety under Lugonu
  4298 | D:5      | Found a glowing drain.
  4312 | Sewer    | Entered a sewer
  4996 | D:5      | Slain by a wight

Illustrated notes

Levels and vault maps discovered:
D:1:      nzn_arrival_settlement, layout_rooms, shapermc_ecumenical_altar_petra,
          roderic_serpentine_path
D:2:      layout_loops_ring, serial_shops, nicolae_shop_window_shopping,
          nicolae_shop_crystal, nicolae_shop_trees, basic_altar
D:3:      layout_loops_ring, nicolae_overflow_crystal_walls, uniq_robin
D:4:      layout_loops_corners, minitemple, minmay_three_crescents,
          uniq_sigmund, uniq_grinder
D:5:      layout_cave_pools, mainiacjoe_overflow_surrounded_room,
          mainiacjoe_overflow_catwalk, cheibrodos_sewer_entry_sluice,
          minmay_hedge_maze, minmay_door_square

Skill      XL: |  1  2  3  4  5  6  7  8 |
---------------+-------------------------+-----
Short Blades   | 1 2 3 |  3.2
Long Blades    | 1 2 3 |  3.2
Maces & Flails | 1 2 3 |  3.2
Polearms       | 1 2 3 |  3.2
Staves         | 1 2 3 |  3.2
Slings         | 1 2 3 |  3.2
Bows           | 1 2 3 |  3.2
Crossbows      | 1 2 3 |  3.2
Throwing       | 1 2 3 |  3.2
Stealth        | 1 2 3 |  3.2
Shields        | 1 2 3 |  3.2
Unarmed Combat | 1 2 3 |  3.2
Spellcasting   | 1 2 3 |  3.2
Evocations     | 1 2 3 |  3.2
Conjurations   | 1 2 |  2.6
Hexes          | 1 2 |  2.6
Summonings     | 1 2 |  2.6
Necromancy     | 1 2 |  2.6
Translocations | 1 2 |  2.6
Transmutations | 1 2 |  2.6
Fire Magic     | 1 2 |  2.6
Ice Magic      | 1 2 |  2.6
Air Magic      | 1 2 |  2.6
Earth Magic    | 1 2 |  2.6
Poison Magic   | 1 2 |  2.6
Dodging        | 3 4 |  4.2
Axes           | 5 |  5.6
Armour         | 5 |  5.6
Invocations    | 5 |  5.9
Fighting       | 7 |  7.3

Action                   |  1- 3 |  4- 6 |  7- 9 || total
-------------------------+-------+-------+-------++-------
Melee: Hand axe          |    99 |   150 |   221 ||   470
       Bite              |     4 |    12 |    37 ||    53
       Punch             |       |     1 |     5 ||     6
Invok: Depart the Abyss  |     1 |       |       ||     1
       Bend Space        |       |     1 |     1 ||     2
Evoke: Wand              |       |     3 |     1 ||     4
  Use: Scroll            |       |     1 |     4 ||     5
       Potion            |       |     3 |     1 ||     4
Armor: Chain mail        |    57 |       |       ||    57
       Leather armour    |    11 |       |       ||    11
       Plate armour      |    42 |   115 |   191 ||   348
       Skin              |       |       |     7 ||     7
Dodge: Dodged            |    51 |    26 |    58 ||   135

Table legend: (Time is in decaauts)
 A = Elapsed time spent in this place.
 B = Non-inter-level travel time spent in this place.
 C = Inter-level travel time spent in this place.
 D = Time resting spent in this place.
 E = Time spent auto-exploring this place.
 F = Levels seen in this place.
 G = Mean time per level.
                   A        B        C        D        E       F      G
               +--------+--------+--------+--------+--------+-----+--------+
         Total |   5094 |   4994 |    100 |    467 |   3248 |   7 |  727.7 |
       Dungeon |   4546 |   4446 |    100 |    367 |   2968 |   5 |  909.2 |
         Abyss |      0 |      0 |      0 |      0 |      0 |   1 |    0.0 |
         Sewer |    548 |    548 |      0 |    100 |    280 |   1 |  548.0 |
               +--------+--------+--------+--------+--------+-----+--------+

Top non-repeatable levels by time:
     D:4: 1510 daAuts
     D:3: 936 daAuts
     D:1: 873 daAuts
     D:2: 764 daAuts
   Sewer: 548 daAuts
     D:5: 462 daAuts
